[Event "Titled Tuesday Blitz October 25 Early 2022"]
[White "Wirig, Anthony"]
[Black "Vachylia, Andrii"]
[WhiteFideId "615013"]
[BlackFideId "14137224"]
[WhiteElo "2474"]
[BlackElo "2318"]
[Result "0-1"]
[Round "03"]
[TimeControl "180+1"]
[Date "2022.10.25"]
[WhiteClock "0:00:01"]
[BlackClock "0:00:20"]

1. d4 Nf6 2. Bg5 e6 3. e3 c5 4. c3 cxd4 5. exd4 d5 6. Bd3 Nc6 7. Nd2 Be7 8. Bxf6 Bxf6 9. f4 h6 10. Qh5 g6 11. Qe2 g5 12. f5 Qe7 13. fxe6 Bxe6 14. Ngf3 O-O-O 15. O-O-O Rhe8 16. Rde1 Qc7 17. Qf2 g4 18. Ne5 Bxe5 19. dxe5 Nxe5 20. Rxe5 Qxe5 21. Re1 Qxh2 22. Qxa7 Bd7 23. Rf1 Qg3 24. Ba6 Qb8 25. Qxb8+ Kxb8 26. Bd3 Re3 27. Kc2 Rxd3 28. Kxd3 Bb5+ 29. c4 dxc4+ 30. Kc3 Rxd2 31. Rf5 Rd3+ 32. Kb4 Bc6 33. Rxf7 Rd2 34. Kxc4 Bd5+ 0-1


[Site "https://www.chess.com"]

[Event "Titled Tuesday Blitz October 25 Early 2022"]
[White "Yeremyan, Alen"]
[Black "Bacrot, Etienne"]
[WhiteFideId "13308998"]
[BlackFideId "605506"]
[WhiteElo "2159"]
[BlackElo "2666"]
[Result "1-0"]
[Round "03"]
[TimeControl "180+1"]
[Date "2022.10.25"]
[WhiteClock "0:00:18"]
[BlackClock "0:00:01"]

1. c4 e5 2. Nc3 Nc6 3. g3 g6 4. Bg2 Bg7 5. e3 Nf6 6. Nge2 O-O 7. O-O d6 8. d4 h5 9. h3 Nh7 10. d5 Ne7 11. e4 f5 12. exf5 gxf5 13. f4 Ng6 14. fxe5 dxe5 15. h4 f4 16. Qd3 Bf5 17. Be4 Qd7 18. Bd2 Rf7 19. Bxf5 Rxf5 20. Ne4 Rf7 21. Rf3 Raf8 22. Raf1 Bh6 23. c5 Rg7 24. Kh2 Qg4 25. Rg1 fxg3+ 26. Rgxg3 Qxh4+ 27. Rh3 Qg4 28. Rfg3 Nf4 29. Rxg4 Nxd3 30. Rxg7+ Kxg7 31. Bxh6+ Kxh6 32. Rxd3 Ng5 33. Nxg5 Kxg5 34. Rg3+ Kh4 35. Ng1 e4 36. d6 cxd6 37. cxd6 Rd8 38. Rg6 Rd7 39. b4 b5 40. a3 a6 41. Kg2 Rf7 42. Ne2 e3 43. Ng3 Rf2+ 44. Kg1 Rf3 45. d7 e2 46. d8=Q+ Kh3 47. Nxe2 1-0


[Site "https://www.chess.com"]

[Event "Titled Tuesday Blitz October 25 Early 2022"]
[White "Zhigalko, Sergei"]
[Black "Blanco Ronquillo, Humberto L."]
[WhiteFideId "13502956"]
[BlackFideId "3504239"]
[WhiteElo "2662"]
[BlackElo "2425"]
[Result "1/2-1/2"]
[Round "03"]
[TimeControl "180+1"]
[Date "2022.10.25"]
[WhiteClock "0:00:06"]
[BlackClock "0:00:12"]

1. e4 e5 2. Nf3 Nc6 3. Bc4 Nf6 4. d3 Be7 5. O-O O-O 6. Nbd2 d6 7. c3 Kh8 8. Re1 Ng8 9. d4 Bg4 10. dxe5 Nxe5 11. Be2 Nxf3+ 12. Bxf3 Bxf3 13. Nxf3 Bf6 14. Bf4 Ne7 15. e5 dxe5 16. Nxe5 Ng6 17. Qxd8 Raxd8 18. Nxg6+ fxg6 19. Be3 Kg8 20. Rad1 Kf7 21. Kf1 a6 22. Ke2 Ke6 23. Rxd8 Rxd8 24. Kf3 Kf7 25. Bf4 Rd7 26. g4 g5 27. Be3 h6 28. a4 Rd5 29. Ra1 Be5 30. h3 Ke6 31. Ke4 Rd7 32. Rh1 Rf7 33. h4 Bf4 34. Bd4 gxh4 35. Rxh4 Bg5 36. Rh1 Rf4+ 37. Kd3 Rxg4 38. Bxg7 Rf4 39. Bxh6 Bxh6 40. Rxh6+ Kd5 41. b4 Rxf2 42. c4+ Ke5 43. Rh5+ Kd6 44. Rh6+ Kd7 45. Rh7+ Kd6 46. a5 Rf3+ 47. Kd4 Rf4+ 48. Kc3 Rf3+ 49. Kd4 Rf4+ 50. Kd3 Rf3+ 51. Kc2 Kc6 52. Rg7 Kd6 53. Kb2 Kc6 54. Rg5 Kd6 55. Kc2 Kc6 56. Rc5+ Kd6 57. Rd5+ Kc6 58. Rg5 Kd6 59. Rh5 Rg3 60. Rh6+ Kd7 61. Rh7+ Kc6 62. Rh5 Rf3 63. Rd5 Rg3 64. Rd3 Rg2+ 65. Kc3 Rg4 66. Rh3 Kd7 67. Rh7+ Kc6 68. Rh6+ Kd7 69. Rh3 Kc6 70. Rf3 b6 71. Rf6+ Kb7 72. axb6 cxb6 73. Rf7+ Kc6 74. Rf6+ Kc7 75. Rf7+ Kc6 76. Rf3 Rh4 77. Kb3 Kc7 78. Rg3 Kb7 79. Rd3 Kc6 80. Rf3 Kc7 81. Rf7+ Kc6 82. Rf6+ Kb7 83. c5 bxc5 84. bxc5 a5 85. Kc3 a4 86. Rb6+ Kc7 87. Ra6 Kb7 88. Rb6+ Kc7 89. Rb4 Rh3+ 90. Kc4 a3 91. Rb1 a2 92. Ra1 Rh2 93. Kb3 Kc6 94. Rxa2 Rxa2 95. Kxa2 Kxc5 1/2-1/2


[Site "https://www.chess.com"]

[Event "Titled Tuesday Blitz October 25 Early 2022"]
[White "Aggelis, Nikolaos"]
[Black "Andreikin, Dmitry"]
[WhiteFideId "4213220"]
[BlackFideId "4158814"]
[WhiteElo "2187"]
[BlackElo "2736"]
[Result "0-1"]
[Round "04"]
[TimeControl "180+1"]
[Date "2022.10.25"]
[WhiteClock "0:00:20"]
[BlackClock "0:01:57"]

1. d4 f5 2. Nc3 d5 3. Nf3 e6 4. Bg5 Nf6 5. Ne5 c5 6. e3 a6 7. a3 Bd6 8. f4 O-O 9. Be2 Qb6 10. Rb1 Nc6 11. Bxf6 Rxf6 12. Na4 Qa5+ 13. c3 c4 14. Bxc4 dxc4 15. Nxc4 Qc7 16. Nab6 Rb8 17. O-O Na5 18. Nxd6 Qxd6 19. Nxc8 Rxc8 20. Qa4 Nc4 21. Rf3 Nd2 0-1


[Site "https://www.chess.com"]

[Event "Titled Tuesday Blitz October 25 Early 2022"]
[White "Caruana, Fabiano"]
[Black "Beerdsen, Thomas"]
[WhiteFideId "2020009"]
[BlackFideId "1030108"]
[WhiteElo "2847"]
[BlackElo "2567"]
[Result "1/2-1/2"]
[Round "04"]
[TimeControl "180+1"]
[Date "2022.10.25"]
[WhiteClock "0:00:15"]
[BlackClock "0:00:11"]

1. d4 d5 2. c4 Nc6 3. cxd5 Qxd5 4. e3 e5 5. Nc3 Bb4 6. Bd2 Bxc3 7. Bxc3 exd4 8. Ne2 Nge7 9. Nxd4 O-O 10. Nxc6 Qxc6 11. Qd4 Nf5 12. Qc4 Qg6 13. Bd3 Be6 14. Qf4 Rad8 15. Be4 Rfe8 16. O-O c6 17. Rad1 h5 18. h3 Kh7 19. Kh2 Kg8 20. a4 Bc8 21. Bb1 h4 22. e4 Rxd1 23. Rxd1 Qh5 24. Rd2 Nh6 25. Ba2 Be6 26. Bxe6 Rxe6 27. Rd8+ Kh7 28. f3 Rg6 29. Qb8 Re6 30. Rh8+ Kg6 31. Qf4 f5 32. Qc7 Qg5 33. Qxg7+ Kh5 34. Qxg5+ Kxg5 35. Bd2+ f4 36. Rf8 Kg6 37. Bxf4 Nf7 38. Rg8+ Kh7 39. Rg4 b5 40. Rxh4+ Kg6 41. Rg4+ Kf6 42. Bd2 bxa4 43. Bc3+ Ke7 44. Rg7 c5 45. g4 Rb6 46. g5 Kf8 47. g6 Ng5 48. Rc7 Nxf3+ 49. Kg3 Nd4 50. g7+ Kg8 51. Rxc5 Ne2+ 52. Kg4 Nxc3 53. bxc3 Ra6 54. Rd5 a3 55. Rd1 Rc6 56. Rc1 Kxg7 57. Kf5 a2 58. Ra1 Rxc3 59. Rxa2 Rxh3 60. Rxa7+ Kf8 61. Ke6 Rh6+ 62. Kd5 Ke8 63. e5 Rg6 64. Rb7 Rh6 65. Rg7 Ra6 66. Ke4 Ra4+ 67. Kf5 Ra6 68. Rb7 Rh6 69. Rc7 Ra6 70. Rb7 Rh6 71. Kg5 Re6 72. Rb5 Ra6 73. Kf5 Rh6 74. Rd5 Ra6 75. Ke4 Ra4+ 76. Kf5 Ra6 77. Rc5 Rb6 78. Rc4 Ra6 79. Rh4 Rb6 80. Rh7 Ra6 81. e6 Ra1 82. Rh4 Rf1+ 83. Rf4 Rxf4+ 84. Kxf4 Ke7 85. Ke5 Ke8 86. Kf6 Kf8 87. e7+ Ke8 88. Ke6 1/2-1/2


[Site "https://www.chess.com"]

[Event "Titled Tuesday Blitz October 25 Early 2022"]
[White "Csonka, Balazs"]
[Black "Kollars, Dmitrij"]
[WhiteFideId "742910"]
[BlackFideId "12909572"]
[WhiteElo "2404"]
[BlackElo "2584"]
[Result "0-1"]
[Round "04"]
[TimeControl "180+1"]
[Date "2022.10.25"]
[WhiteClock "0:00:01"]
[BlackClock "0:00:08"]

1. d4 Nf6 2. c4 e6 3. Nf3 b6 4. g3 Ba6 5. Qc2 Bb7 6. Bg2 c5 7. d5 exd5 8. cxd5 Nxd5 9. O-O Be7 10. Qe4 Bc6 11. Ne5 Nf6 12. Nxc6 Nxc6 13. Qa4 O-O 14. Nc3 a6 15. Rd1 b5 16. Qh4 Rc8 17. Qh3 Nd4 18. e3 Ne6 19. e4 b4 20. Nd5 Nxd5 21. Rxd5 d6 22. f4 Qc7 23. Be3 Bf6 24. Rad1 Bd4 25. Bf2 Bxf2+ 26. Kxf2 Nd4 27. Bf1 Rce8 28. Bd3 Qb6 29. Rh5 h6 30. Rxh6 gxh6 31. Qxh6 Re6 32. Qh5 c4 33. Bxc4 d5 34. Bxd5 Rh6 35. Qg5+ Rg6 36. Qh5 Nf5+ 37. Kf3 Ne3 38. Rd3 Ng4 39. f5 Qf2# 0-1


[Site "https://www.chess.com"]

[Event "Titled Tuesday Blitz October 25 Early 2022"]
[White "Deac, Bogdan-Daniel"]
[Black "Gabdrakhmanov, Azat"]
[WhiteFideId "1226380"]
[BlackFideId "34189197"]
[WhiteElo "2648"]
[BlackElo "2233"]
[Result "1-0"]
[Round "04"]
[TimeControl "180+1"]
[Date "2022.10.25"]
[WhiteClock "0:01:25"]
[BlackClock "0:00:05"]

1. Nf3 c5 2. g3 b6 3. e4 Bb7 4. Nc3 e6 5. Bg2 d6 6. O-O Nf6 7. Re1 Be7 8. d4 cxd4 9. Nxd4 Qd7 10. g4 h6 11. f4 Nc6 12. Nxc6 Bxc6 13. Be3 h5 14. g5 Ng4 15. Qd2 Nxe3 16. Rxe3 e5 17. Rd3 exf4 18. e5 Qg4 19. exd6 Bxg5 20. Qe2+ Qxe2 21. Bxc6+ Kd8 22. Nxe2 Rc8 23. Ba4 Rc4 24. Bb3 Re4 25. Nd4 f3 26. Nxf3 Be3+ 27. Kh1 Bc5 28. Ng5 Kd7 29. Nxe4 1-0


[Site "https://www.chess.com"]

[Event "Titled Tuesday Blitz October 25 Early 2022"]
[White "Dubov, Daniil"]
[Black "Korchmar, Vasiliy"]
[WhiteFideId "24126055"]
[BlackFideId "24131750"]
[WhiteElo "2791"]
[BlackElo "2370"]
[Result "1-0"]
[Round "04"]
[TimeControl "180+1"]
[Date "2022.10.25"]
[WhiteClock "0:00:48"]
[BlackClock "0:00:01"]

1. e4 c5 2. Nf3 d6 3. d4 cxd4 4. Nxd4 Nf6 5. Nc3 Nc6 6. Bg5 Bd7 7. Qd2 a6 8. f3 e6 9. O-O-O Be7 10. h4 Nxd4 11. Qxd4 Qc7 12. Kb1 b5 13. Qd2 O-O 14. g4 Rfc8 15. Be3 b4 16. Ne2 Ba4 17. Rc1 a5 18. g5 Nd7 19. h5 Ne5 20. Nd4 Bd7 21. g6 a4 22. h6 fxg6 23. hxg7 a3 24. b3 Bf6 25. Qxb4 Bxg7 26. c4 Rcb8 27. Qd2 Qb7 28. Be2 Nc6 29. Nb5 d5 30. exd5 Ne5 31. Bd4 1-0


[Site "https://www.chess.com"]

[Event "Titled Tuesday Blitz October 25 Early 2022"]
[White "Firouzja, Alireza"]
[Black "Jones, Gawain C B"]
[WhiteFideId "12573981"]
[BlackFideId "409561"]
[WhiteElo "2903"]
[BlackElo "2657"]
[Result "0-1"]
[Round "04"]
[TimeControl "180+1"]
[Date "2022.10.25"]
[WhiteClock "0:00:01"]
[BlackClock "0:00:25"]

1. d4 Nf6 2. c4 g6 3. Nc3 Bg7 4. e4 d6 5. h3 e5 6. Nf3 exd4 7. Nxd4 O-O 8. Be2 Re8 9. Qd3 Na6 10. Nb3 Nb4 11. Qd2 a5 12. a3 Nc6 13. Qd3 a4 14. Nd2 Nd7 15. O-O Nc5 16. Qg3 f5 17. exf5 Bxc3 18. Qxc3 Rxe2 19. b4 axb3 20. Bb2 Ne5 21. fxg6 Na4 22. gxh7+ Kxh7 23. Qxb3 Nxb2 24. Nf3 Nbxc4 25. Nd4 Rd2 26. Qc3 Qg8 27. Rae1 Rxd4 0-1


[Site "https://www.chess.com"]

[Event "Titled Tuesday Blitz October 25 Early 2022"]
[White "Gharibyan, Mamikon"]
[Black "Svane, Rasmus"]
[WhiteFideId "13308300"]
[BlackFideId "4657101"]
[WhiteElo "2378"]
[BlackElo "2674"]
[Result "0-1"]
[Round "04"]
[TimeControl "180+1"]
[Date "2022.10.25"]
[WhiteClock "0:00:01"]
[BlackClock "0:00:36"]

1. d4 Nf6 2. c4 e6 3. Nf3 d5 4. g3 Bb4+ 5. Nbd2 dxc4 6. Bg2 b5 7. O-O a5 8. a3 Be7 9. a4 c6 10. Ne5 Ra6 11. Ne4 O-O 12. Qc2 Nd5 13. Rd1 Nd7 14. Qb1 Qc7 15. Nf3 h6 16. h4 Rd8 17. Qc2 Bb7 18. b3 cxb3 19. Qxb3 b4 20. Bb2 c5 21. Rac1 Rc6 22. dxc5 Nxc5 23. Nxc5 Rxc5 24. Rxc5 Bxc5 25. Ne5 Rc8 26. h5 Bd6 27. Rc1 Qxc1+ 28. Bxc1 Rxc1+ 29. Kh2 Bxe5 30. Qd3 Bc6 31. f4 Bc7 32. e4 Nxf4 33. Qd2 Ne2 34. Qxe2 Rc3 35. e5 Bxg2 36. Kxg2 b3 37. Qb5 Kf8 38. Kh3 Ke7 39. Kh4 f6 40. exf6+ gxf6 41. Qb7 Kd6 42. Kg4 Rc4+ 43. Kf3 Rb4 44. Qa6+ Ke7 45. Qa7 Kd7 46. Qe3 b2 47. Qd3+ Bd6 48. Qh7+ Kc6 49. Qc2+ Bc5 50. Qb1 Kb6 51. g4 Bd4 52. Ke4 Be5+ 53. Kf3 Rxa4 54. Ke2 Ra1 0-1


[Site "https://www.chess.com"]

[Event "Titled Tuesday Blitz October 25 Early 2022"]
[White "Gorodetzky, David"]
[Black "Martinez Alcantara, Jose Eduardo"]
[WhiteFideId "2813416"]
[BlackFideId "3805662"]
[WhiteElo "2487"]
[BlackElo "2703"]
[Result "0-1"]
[Round "04"]
[TimeControl "180+1"]
[Date "2022.10.25"]
[WhiteClock "0:00:03"]
[BlackClock "0:01:33"]

1. e4 c5 2. c3 e6 3. Nf3 d5 4. exd5 exd5 5. d4 Nf6 6. Bb5+ Bd7 7. Qe2+ Be7 8. dxc5 O-O 9. O-O Bxc5 10. Bg5 Qb6 11. Bxd7 Nbxd7 12. b4 Bd6 13. Nbd2 Rac8 14. Rac1 h6 15. Be3 Qc7 16. a3 Rfe8 17. Qd3 Ng4 18. h3 Nxe3 19. fxe3 Nb6 20. Nd4 Bf8 21. e4 Rcd8 22. Rce1 a6 23. Qf3 g6 24. exd5 Rxe1 25. Rxe1 Nxd5 26. Ne4 Bg7 27. Rf1 Nxc3 28. Nb3 Nxe4 29. Qxe4 b6 30. Qf3 Rd7 31. Kh1 Kh7 32. Qe2 Qc3 33. Rf3 Qc8 34. Rd3 Qc4 35. Re3 Qxe2 36. Rxe2 Rd3 0-1


[Site "https://www.chess.com"]

[Event "Titled Tuesday Blitz October 25 Early 2022"]
[White "Hambleton, Aman"]
[Black "Oparin, Grigoriy"]
[WhiteFideId "2606577"]
[BlackFideId "24125890"]
[WhiteElo "2538"]
[BlackElo "2639"]
[Result "0-1"]
[Round "04"]
[TimeControl "180+1"]
[Date "2022.10.25"]
[WhiteClock "0:00:02"]
[BlackClock "0:00:55"]

1. d4 Nf6 2. c4 e6 3. Nc3 Bb4 4. Qc2 d6 5. a3 Bxc3+ 6. Qxc3 O-O 7. Nf3 b6 8. g3 Bb7 9. Bg2 Nbd7 10. O-O Ne4 11. Qc2 f5 12. b4 a5 13. Bb2 Qe7 14. Rfe1 Nef6 15. d5 exd5 16. Nd4 Ne5 17. Nxf5 Qf7 18. cxd5 axb4 19. axb4 Rxa1 20. Bxa1 Nxd5 21. Bxe5 dxe5 22. e4 Nxb4 23. Qc3 c5 24. Rd1 Nc6 25. Qb2 Qc7 26. Bf1 Nd4 27. Bc4+ Kh8 28. Ne3 Bxe4 29. Bd5 Bxd5 30. Nxd5 Qc6 31. Qa2 Rd8 32. Ne3 h6 33. h4 b5 34. Ra1 b4 35. Qf7 Qd7 36. Qg6 Qe8 37. Qb6 Rc8 38. Ra7 b3 39. Qb7 Qf8 40. Nd5 Rb8 41. Qd7 b2 42. Ne7 b1=Q+ 43. Kh2 Qxf2+ 44. Kh3 Qh1+ 45. Kg4 Qff3# 0-1


[Site "https://www.chess.com"]

[Event "Titled Tuesday Blitz October 25 Early 2022"]
[White "Indjic, Aleksandar"]
[Black "Ehlvest, Jaan"]
[WhiteFideId "911925"]
[BlackFideId "4500016"]
[WhiteElo "2592"]
[BlackElo "2430"]
[Result "1-0"]
[Round "04"]
[TimeControl "180+1"]
[Date "2022.10.25"]
[WhiteClock "0:00:15"]
[BlackClock "0:00:02"]

1. d4 d5 2. c4 e6 3. Nf3 Nf6 4. Nc3 Nbd7 5. Bf4 dxc4 6. e3 Bd6 7. Bg5 h6 8. Bh4 a6 9. a4 c5 10. Bxc4 cxd4 11. exd4 Nb6 12. Bb3 Be7 13. O-O O-O 14. Bc2 Nbd5 15. Rc1 b6 16. Bb1 Bb7 17. Ne5 Rc8 18. Re1 Nb4 19. Bxf6 Bxf6 20. Qg4 Bg5 21. Rcd1 Nd5 22. Qg3 Bf4 23. Qd3 f5 24. Nf3 Qf6 25. Ba2 Rfd8 26. Nxd5 exd5 27. Ne5 Re8 28. Nd7 Qg6 29. Qf3 Qd6 30. Nxb6 Bxh2+ 31. Kh1 Qxb6 32. Bxd5+ Bxd5 33. Qxd5+ Kh8 34. Kxh2 Qxb2 35. Rxe8+ Rxe8 36. Qxf5 Qb8+ 37. Kg1 Qd6 38. d5 Rf8 39. Qe6 Qc5 40. Qe3 Qc2 41. Qd2 Qxa4 42. d6 Qd7 43. Qe3 a5 44. Qc5 a4 45. g3 Rc8 46. Qb4 Ra8 47. Rd3 Rf8 48. Re3 Qf5 49. Qd2 1-0


[Site "https://www.chess.com"]

[Event "Titled Tuesday Blitz October 25 Early 2022"]
[White "Jobava, Baadur"]
[Black "Bagrationi, Alexander"]
[WhiteFideId "13601520"]
[BlackFideId "14104954"]
[WhiteElo "2582"]
[BlackElo "2398"]
[Result "1-0"]
[Round "04"]
[TimeControl "180+1"]
[Date "2022.10.25"]
[WhiteClock "0:00:23"]
[BlackClock "0:00:03"]

1. b3 Nf6 2. Bb2 e6 3. g3 d5 4. Bg2 Be7 5. c4 c6 6. Nf3 O-O 7. O-O b6 8. d3 Bb7 9. Nbd2 Nbd7 10. Rc1 c5 11. cxd5 exd5 12. d4 Ne4 13. dxc5 bxc5 14. Nxe4 dxe4 15. Nd2 f5 16. g4 Bf6 17. Bxf6 Nxf6 18. gxf5 Qd5 19. Nc4 Qxf5 20. Nd6 Qd7 21. Nxb7 Qxb7 22. Rxc5 Rad8 23. Qc2 Rfe8 24. Rc7 Qb6 25. e3 Kh8 26. Rc1 Qe6 27. Rxa7 Qf5 28. Qc7 Qg4 29. h3 Qg5 30. Ra5 Qg6 31. Qf4 Rd2 32. Rg5 Qf7 33. Rc7 Re7 34. Rc8+ Re8 35. Rxe8+ Qxe8 36. a4 h6 37. Re5 Qf7 38. Bxe4 Qxb3 39. Bf3 Qb1+ 40. Kg2 Rd8 41. Rf5 Qb2 42. a5 Rd2 43. Qg3 Qc2 44. Rf4 Qa2 45. Rf5 Qb1 46. Rc5 Rc2 47. Rxc2 Qxc2 48. a6 Qa2 49. Qb8+ Kh7 50. a7 Qa5 51. a8=Q Qg5+ 52. Qg3 1-0


[Site "https://www.chess.com"]

[Event "Titled Tuesday Blitz October 25 Early 2022"]
[White "Keymer, Vincent"]
[Black "Blanco Ronquillo, Humberto L."]
[WhiteFideId "12940690"]
[BlackFideId "3504239"]
[WhiteElo "2600"]
[BlackElo "2425"]
[Result "1-0"]
[Round "04"]
[TimeControl "180+1"]
[Date "2022.10.25"]
[WhiteClock "0:01:06"]
[BlackClock "0:00:09"]

1. b3 d5 2. Bb2 Bf5 3. d3 e6 4. g3 Nf6 5. Bg2 Nbd7 6. Nd2 h6 7. Ngf3 c6 8. O-O Bc5 9. e3 Qe7 10. a3 a5 11. Qe2 O-O 12. h3 Bh7 13. Kh2 b5 14. e4 Rfc8 15. Nh4 Bb6 16. f4 Bc7 17. e5 Ne8 18. Rae1 Bb8 19. f5 exf5 20. Nxf5 Bxf5 21. Rxf5 Nc7 22. c4 bxc4 23. dxc4 Nb6 24. Ref1 Rf8 25. Qg4 Ne6 26. Nf3 a4 27. Nd4 axb3 28. Nxc6 Qd7 29. cxd5 Nxd5 30. Bxd5 1-0


[Site "https://www.chess.com"]

[Event "Titled Tuesday Blitz October 25 Early 2022"]
[White "Kovalev, Vladislav"]
[Black "Di Nicolantonio, Lucas"]
[WhiteFideId "13504398"]
[BlackFideId "680460"]
[WhiteElo "2556"]
[BlackElo "2381"]
[Result "1-0"]
[Round "04"]
[TimeControl "180+1"]
[Date "2022.10.25"]
[WhiteClock "0:00:33"]
[BlackClock "0:00:36"]

1. e4 g6 2. d4 Bg7 3. Be3 c5 4. Nc3 cxd4 5. Bxd4 Nf6 6. e5 Ng8 7. e6 Nf6 8. exf7+ Kxf7 9. Nf3 Nc6 10. Be3 Re8 11. Bc4+ e6 12. Qd6 Kg8 13. O-O-O Qe7 14. Nb5 Ne4 15. Qxe7 Rxe7 16. Ng5 Nxg5 17. Bxg5 Rf7 18. Nd6 Rxf2 19. Nxc8 Rxc8 20. Rxd7 Ne5 21. Bxe6+ Kh8 22. Rd2 Nd3+ 23. Rxd3 Rfxc2+ 24. Kd1 1-0


[Site "https://www.chess.com"]

[Event "Titled Tuesday Blitz October 25 Early 2022"]
[White "Manelyuk, Daniil"]
[Black "Seliverstov, Vladimir"]
[WhiteFideId "44173920"]
[BlackFideId "4192036"]
[WhiteElo "2209"]
[BlackElo "2489"]
[Result "0-1"]
[Round "04"]
[TimeControl "180+1"]
[Date "2022.10.25"]
[WhiteClock "0:00:04"]
[BlackClock "0:00:16"]

1. e4 g6 2. d4 Bg7 3. Nc3 d6 4. Nf3 a6 5. Be3 b5 6. Qd2 Bb7 7. Bd3 Nd7 8. a4 b4 9. Ne2 c5 10. O-O Ngf6 11. e5 Ng4 12. exd6 Bxf3 13. gxf3 Nxe3 14. Qxe3 cxd4 15. Nxd4 Ne5 16. Be4 Rc8 17. dxe7 Qxe7 18. Rad1 O-O 19. Kh1 Qh4 20. Ne2 Nc4 21. Qb3 Nxb2 22. Rd7 Be5 23. f4 Bxf4 24. Nxf4 Qxf4 25. Bd5 Nc4 26. Rd1 Ne5 27. Re7 Rc3 28. Bxf7+ Rxf7 29. Rxf7 Nxf7 30. Qd5 Qf3+ 31. Qxf3 Rxf3 32. Rd7 Ra3 33. Rb7 Rxa4 34. Rb8+ Kg7 0-1


[Site "https://www.chess.com"]

[Event "Titled Tuesday Blitz October 25 Early 2022"]
[White "Mathieu, Phileas"]
[Black "Aitbayev, Aslan"]
[WhiteFideId "36048410"]
[BlackFideId "13704613"]
[WhiteElo "2241"]
[BlackElo "2373"]
[Result "0-1"]
[Round "04"]
[TimeControl "180+1"]
[Date "2022.10.25"]
[WhiteClock "0:00:01"]
[BlackClock "0:00:04"]

1. e4 d6 2. d4 Nf6 3. Nc3 g6 4. h3 Bg7 5. Be3 a6 6. a4 O-O 7. Nf3 Nc6 8. Qd2 e5 9. dxe5 Nxe5 10. Nxe5 dxe5 11. Rd1 Be6 12. Qxd8 Rfxd8 13. f3 Nh5 14. Rxd8+ Rxd8 15. Kf2 Bf8 16. Bd3 Nf4 17. Rd1 Bb4 18. Bf1 Rxd1 19. Nxd1 Bd7 20. b3 Ne6 21. Bc4 Kf8 22. Nb2 Bc3 23. Nd3 b5 24. axb5 axb5 25. Nc5 bxc4 26. Nxd7+ Ke7 27. Nc5 Nd4 28. Na4 Ba1 29. bxc4 Nxc2 30. Bc5+ Kd7 31. Ke2 Nd4+ 32. Kd3 Ne6 33. Be3 Bd4 34. Bxd4 exd4 35. c5 Nf4+ 36. Kxd4 Nxg2 37. Kd5 Nf4+ 38. Ke5 Nxh3 39. Kf6 Nf4 40. Kg5 Ne6+ 41. Kh6 Kc6 42. Kxh7 Nxc5 43. Nc3 Kd6 44. Kg7 Ke6 45. Nb5 Na6 46. f4 c5 47. Nc3 c4 48. Ne2 Nc5 49. Nd4+ Ke7 50. f5 Nxe4 51. fxg6 fxg6 52. Kxg6 Kd6 53. Kf5 Kd5 54. Nb5 Nc5 55. Nc3+ Kd4 56. Nb5+ Kd3 57. Ke5 Na4 58. Kf4 Nc3 59. Na3 Ne2+ 60. Kf3 c3 61. Kf2 Nd4 62. Kg2 Ke2 63. Kg3 Kd3 64. Kf2 Nb5 65. Nb1 c2 0-1


[Site "https://www.chess.com"]

[Event "Titled Tuesday Blitz October 25 Early 2022"]
[White "Matlakov, Maxim"]
[Black "Sokolovsky, Yahli"]
[WhiteFideId "4168003"]
[BlackFideId "2820242"]
[WhiteElo "2669"]
[BlackElo "2316"]
[Result "1-0"]
[Round "04"]
[TimeControl "180+1"]
[Date "2022.10.25"]
[WhiteClock "0:00:55"]
[BlackClock "0:00:04"]

1. Nf3 d5 2. g3 Nd7 3. d4 Nb6 4. Bg2 Nf6 5. a4 a5 6. Nc3 Bf5 7. Nh4 Bd7 8. O-O e6 9. e4 dxe4 10. Nxe4 Nxe4 11. Bxe4 Bc6 12. Bxc6+ bxc6 13. Nf3 c5 14. b3 c4 15. bxc4 Nxc4 16. Qd3 Qd5 17. Rb1 c6 18. Nd2 Nxd2 19. Bxd2 Rd8 20. Rb7 Be7 21. Qa6 Bb4 22. c4 Qd6 23. Bf4 Qxd4 24. Qxc6+ Kf8 25. Qc7 1-0


[Site "https://www.chess.com"]

[Event "Titled Tuesday Blitz October 25 Early 2022"]
[White "Mladek, Richard"]
[Black "Bortnyk, Olexandr"]
[WhiteFideId "386588"]
[BlackFideId "14120828"]
[WhiteElo "2271"]
[BlackElo "2723"]
[Result "0-1"]
[Round "04"]
[TimeControl "180+1"]
[Date "2022.10.25"]
[WhiteClock "0:00:20"]
[BlackClock "0:01:42"]

1. d4 d6 2. Nf3 Nf6 3. c4 g6 4. Nc3 Bf5 5. Nh4 Bd7 6. e4 Bg7 7. Be2 O-O 8. O-O c5 9. d5 Na6 10. f4 Nc7 11. e5 Nfe8 12. Nf3 a6 13. a4 Rb8 14. Qe1 b5 15. Qh4 e6 16. Qg3 bxc4 17. Bxc4 Rb4 18. b3 exd5 19. Nxd5 Nxd5 20. Bxd5 Nc7 21. Bc4 d5 22. Be2 Rxb3 23. Ba3 Ne6 24. Rfd1 Bxa4 25. f5 gxf5 26. Bc1 Rb4 27. Rd2 Bb5 28. Bxb5 axb5 29. Rda2 Rg4 30. Qf2 d4 31. h3 Re4 32. Qg3 f4 33. Qg4 c4 34. Qf5 Qd5 35. Ra6 d3 36. Rd6 Qc5+ 37. Kh2 Rxe5 38. Nxe5 Qxe5 0-1


[Site "https://www.chess.com"]

[Event "Titled Tuesday Blitz October 25 Early 2022"]
[White "Molina, Roberto Junio Brito"]
[Black "Tasev, Dejan"]
[WhiteFideId "2109450"]
[BlackFideId "936618"]
[WhiteElo "2388"]
[BlackElo "2256"]
[Result "1-0"]
[Round "04"]
[TimeControl "180+1"]
[Date "2022.10.25"]
[WhiteClock "0:00:16"]
[BlackClock "0:00:13"]

1. d4 Nf6 2. Nf3 e6 3. e3 b6 4. Bd3 Bb7 5. O-O g6 6. Qe2 Bg7 7. e4 d6 8. Bg5 h6 9. Bh4 g5 10. Bg3 Nh5 11. c3 Nxg3 12. fxg3 a6 13. Nbd2 Nd7 14. Rae1 Qe7 15. a4 g4 16. Nh4 Qg5 17. Nc4 h5 18. Ne3 c5 19. d5 Ne5 20. Bc2 Qe7 21. dxe6 fxe6 22. Nc4 Nxc4 23. Qxc4 Rh6 24. Qb3 Qc7 25. e5 O-O-O 26. exd6 Rxd6 27. Be4 c4 28. Bxb7+ Kxb7 29. Qc2 Bf6 30. Ng6 Qc5+ 31. Kh1 h4 32. Rxf6 hxg3 33. Qe4+ Rc6 34. Rf7+ Ka8 35. h3 gxh3 36. gxh3 Rxh3+ 37. Kg2 Rh2+ 38. Kxg3 Rxb2 39. Ne5 1-0


[Site "https://www.chess.com"]

[Event "Titled Tuesday Blitz October 25 Early 2022"]
[White "Ovchinnikov, Vsevolod"]
[Black "Wirig, Anthony"]
[WhiteFideId "24176842"]
[BlackFideId "615013"]
[WhiteElo "2376"]
[BlackElo "2474"]
[Result "1-0"]
[Round "04"]
[TimeControl "180+1"]
[Date "2022.10.25"]
[WhiteClock "0:00:11"]
[BlackClock "0:00:02"]

1. d4 Nf6 2. c4 e6 3. g3 Bb4+ 4. Bd2 Bxd2+ 5. Qxd2 d5 6. Nf3 O-O 7. Bg2 Qe7 8. O-O Nbd7 9. Qc2 c6 10. Nbd2 b6 11. e4 dxc4 12. Nxc4 Ba6 13. Rfe1 Rac8 14. Nce5 Nxe5 15. Nxe5 c5 16. Qa4 Qb7 17. d5 b5 18. Qa5 Qb6 19. Qxb6 axb6 20. dxe6 fxe6 21. Bh3 Rfe8 22. Rad1 Rcd8 23. Bxe6+ Kf8 24. Nd7+ Nxd7 25. Bxd7 Re7 26. Bc6 Rc8 27. Rd6 b4 28. e5 Bc4 29. a3 bxa3 30. bxa3 b5 31. f4 Ra7 32. Re3 Ke7 33. Be4 Rd8 34. Rxd8 Kxd8 35. Bxh7 b4 36. axb4 cxb4 37. Re4 Rc7 38. Rd4+ Ke7 39. Bd3 Bxd3 40. Rxd3 Rb7 41. Rb3 Ke6 42. Kf2 Kd5 43. Kf3 Kc4 44. Rb1 Kc3 45. Ke4 Kc2 46. Rf1 b3 47. f5 b2 48. e6 b1=Q 49. Rxb1 Rxb1 50. g4 Kc3 51. Kd5 Rd1+ 52. Kc6 Kc4 53. e7 Re1 54. Kd7 Rd1+ 55. Ke6 Re1+ 56. Kf7 Kd5 57. e8=Q Rxe8 58. Kxe8 Ke5 59. Kf7 1-0


[Site "https://www.chess.com"]